 Dungeon Crawl Stone Soup version 0.26.1-11-gd32895ea62 (webtiles) character file.

Game seed: 16483552502954994725

70 Almogavar the Shield-Bearer (level 4, -12/29 HPs)
             Began as a Gargoyle Fighter on July 8, 2021.
             Killed from afar by Ijyb (15 damage)
             ... with a bolt of acid
             ... on level 3 of the Dungeon.
             The game lasted 00:03:25 (2091 turns).

Almogavar the Shield-Bearer (Gargoyle Fighter)      Turns: 2091, Time: 00:03:26

Health: -12/29     AC: 11    Str: 20    XL:     4   Next: 21%
Magic:  4/4        EV:  7    Int:  9    God:
Gold:   138        SH:  9    Dex:  9    Spells: 3/3 levels left

rFire    . . .     SeeInvis .   a - +0 flail
rCold    . . .     Faith    .   c - +0 kite shield
rNeg     + . .     Spirit   .   b - +0 scale mail
rPois    ∞         Reflect  .   h - +0 helmet
rElec    +         Harm     .   (no cloak)
rCorr    .         Rampage  .   (no gloves)
Will     .....                  (no boots)
Stlth    ..........             i - amulet of magic regeneration
HPRegen  0.09/turn              (no ring)
MPRegen  0.34/turn              (no ring)

@: mighty
A: negative energy resistance 1, electricity resistance, unbreathing,
petrification resistance, miasma immunity, AC +3
a: no special abilities


You were on level 3 of the Dungeon.
You visited 1 branch of the dungeon, and saw 3 of its levels.

You collected 138 gold pieces.

Inventory:

Hand Weapons
 a - a +0 flail (weapon)
Missiles
 g - 65 stones (quivered)
Armour
 b - a +0 scale mail (worn)
 c - a +0 kite shield (worn)
 h - a +0 helmet (worn)
 q - a +0 plate armour
Jewellery
 i - an amulet of magic regeneration (around neck)
Scrolls
 e - 2 scrolls of magic mapping
 f - 4 scrolls of teleportation
 l - a scroll of enchant armour {unknown}
 m - a scroll of random uselessness {unknown}
 o - a scroll of fear {unknown}
 p - a scroll of identify {unknown}
Potions
 j - 3 potions of haste {unknown}
 k - a potion of resistance {unknown}
 n - a potion of curing {unknown}


   Skills:
 + Level 3.6 Fighting
 + Level 2.9 Maces & Flails
 + Level 3.8 Armour
 + Level 0.3 Dodging
 - Level 0.1 Stealth
 + Level 3.9 Shields


You had 3 spell levels left.
You didn't know any spells.
Your spell library was empty.

Dungeon Overview and Level Annotations

Branches:
Dungeon (3/15)

Altars:

Annotations:
D:3 Ijyb


Innate Abilities, Weirdness & Mutations

You are resistant to torment.
Your stone body is resilient. (AC +3)
You are immune to poison.
You resist negative energy. (rN+)
You are resistant to electric shocks. (rElec)
You can survive without breathing.
You are immune to petrification.
You are immune to miasma.


Message History

You block the bat's attack. The bat hits you but does no damage.
The bat closely misses you.
You hit the bat.
You kill the bat!
No target in view!
HP restored.
You see here a bat corpse.
j - 3 metallic golden potions (gained 2) Ijyb the Twisted Goblin comes into view.
She is wielding a +0 club and carrying a wand of acid (13).
Ijyb shouts!
You block Ijyb's attack.
You barely miss Ijyb.
Ijyb zaps a wand.
The bolt of acid hits you!
You are splashed with acid!
* * * LOW HITPOINT WARNING * * *
You are too injured to fight recklessly!
You are too injured to fight recklessly!
You feel very mighty all of a sudden.
Ijyb zaps a wand.
The bolt of acid hits you!
Ouch! That really hurt!
You die...

###+## #....#
#....#########
#........†...#
##..########'#####
#.@# #..........#
#.g# #..........#
#..# #....).)...###
#..# #..........#<#
#..##>.........(.(.
#..##.#####.#####.#
#..##. #.# #.# #..#
#.# #.# #.# #.#


You could see Ijyb.

Vanquished Creatures
  An adder (D:2)
  2 dart slugs
  2 leopard geckos
  An orc (D:3)
  2 giant cockroaches
  3 goblins
  7 hobgoblins
  6 jackals
  4 kobolds
  3 ball pythons
  9 bats
  4 frilled lizards
  7 rats
51 creatures vanquished.

Notes
Turn   | Place    | Note
-------+----------+-------------------------------------------
     0 | D:1      | Almogavar the Gargoyle Fighter began the quest for the Orb.
     0 | D:1      | Reached XP level 1. HP: 14/14 MP: 1/1
    76 | D:1      | Reached XP level 2. HP: 16/19 MP: 2/2
   567 | D:1      | Reached XP level 3. HP: 23/23 MP: 3/3
  1704 | D:2      | Reached XP level 4. HP: 29/29 MP: 4/4
  2087 | D:3      | Noticed Ijyb
  2091 | D:3      | Killed from afar by Ijyb

Illustrated notes

Levels and vault maps discovered:
D:1:      co_arrival_random_square_maze, layout_basic
D:2:      layout_loops_ring
D:3:      layout_basic, uniq_ijyb

Action                   |  1- 3 |  4- 6 || total
-------------------------+-------+-------++-------
Melee: Flail             |   167 |    20 ||   187
  Use: Scroll            |     2 |       ||     2
       Potion            |       |     1 ||     1
Armor: Scale mail        |   102 |     9 ||   111
Dodge: Dodged            |    63 |    12 ||    75
Block: Kite shield       |    85 |    12 ||    97
